 Dungeon Crawl Stone Soup version 0.28.0-47-ge53b351184 (webtiles) character file.

Game seed: 2602700649319200496

62933 DearestLeader the Blocker (level 15, -10/120 HPs)
             Began as a Gnoll Fighter on Apr 25, 2022.
             Was the Champion of Okawaru.
             Mangled by an orc knight
             ... wielding a +3 glaive
              (21 damage)
             ... on level 1 of the Orcish Mines.
             The game lasted 00:40:08 (25140 turns).

DearestLeader the Blocker (Gnoll Fighter)          Turns: 25140, Time: 00:40:11

Health: -10/120    AC: 28    Str: 24    XL:     15   Next: 8%
Magic:  28/28      EV: 11    Int: 12    God:    Okawaru [******]
Gold:   912        SH: 12    Dex: 17    Spells: 24/33 levels left

rFire   . . .      SeeInvis +   S - +6 falchion "Tienn" {venom, Int+4}
rCold   + . .      Faith    .   Y - +0 kite shield
rNeg    + . .      Spirit   .   j - +5 plate armour of Midwinter {rN+ Slay+4 SInv}
rPois   .          Reflect  .   e - +0 helmet
rElec   .          Harm     .   v - +0 cloak
rCorr   .          Rampage  .   A - +2 pair of gloves {infuse}
Will    +....                   H - +0 pair of boots
Stlth   ..........              D - amulet of magic regeneration
HPRegen 0.30/turn               x - +4 ring of slaying
MPRegen 0.61/turn               Z - ring of the Peasants {rC+ Str+3 Dex+4}

@: silenced, invisible
A: fangs 1, strong nose, distributed training
a: Renounce Religion


You were on level 1 of the Orcish Mines.
You worshipped Okawaru.
Okawaru was exalted by your worship.
You visited 4 branches of the dungeon, and saw 19 of its levels.
You also visited: Sewer and Gauntlet.

You collected 2735 gold pieces.
You spent 1823 gold pieces at shops.

Inventory:

Hand Weapons
 B - a +2 hand axe of flaming
 S - the +6 falchion "Tienn" (weapon) {venom, Int+4}
   (You found it on level 5 of the Lair of Beasts)

   It poisons the flesh of those it strikes.
   Int:       It affects your intelligence (+4).
Missiles
 d - 9 curare-tipped darts
 q - 16 atropa-tipped darts
 F - 2 datura-tipped darts
 L - 3 throwing nets
 U - 17 javelins (quivered)
Armour
 e - a +0 helmet (worn)
 j - the +5 plate armour of Midwinter (worn) {rN+ Slay+4 SInv}
   (You bought it in a shop on level 2 of the Orcish Mines)

   Slay:      It affects your accuracy & damage with ranged weapons and melee
   (+4).
   rN:        It protects you from negative energy.
   SInv:      It lets you see invisible.
 v - a +0 cloak (worn)
 A - a +2 pair of gloves of infusion (worn)
 H - a +0 pair of boots (worn)
 Y - a +0 kite shield (worn)
Jewellery
 m - the ring of Kaveyd {rPois Str+6}
   (You found it in a Gauntlet)

   [ring of strength]

   Str:       It affects your strength (+6).
   rPois:     It protects you from poison.
 x - a +4 ring of slaying (left hand)
 D - an amulet of magic regeneration (around neck)
 J - a ring of see invisible
 P - a ring of wizardry
 W - a ring of resist corrosion
 Z - the ring of the Peasants (right hand) {rC+ Str+3 Dex+4}
   (You found it on level 6 of the Lair of Beasts)

   [ring of protection from cold]

   Str:       It affects your strength (+3).
   Dex:       It affects your dexterity (+4).
   rC:        It protects you from cold.
Wands
 c - a wand of acid (6)
 h - a wand of polymorph (9)
 l - a wand of digging (7)
 o - a wand of mindburst (9)
 E - a wand of flame (25)
 M - a wand of iceblast (12)
 R - a wand of paralysis (12)
Scrolls
 g - a scroll of enchant weapon
 i - 4 scrolls of fog
 n - 7 scrolls of teleportation
 r - a scroll of identify
 t - a scroll of silence
 z - a scroll of holy word
 N - 4 scrolls of amnesia
 Q - a scroll of fear
Potions
 a - 2 potions of heal wounds
 b - 4 potions of invisibility
 f - 11 potions of curing
 k - 4 potions of flight
 s - 4 potions of brilliance
 u - 2 potions of cancellation
 w - 2 potions of resistance
 I - a potion of haste
 V - 2 potions of might
 X - a potion of magic
Miscellaneous
 T - a tin of tremorstones (2/2)


   Skills:
 + Level 11.7 Fighting
 + Level 9.8 Short Blades
 + Level 9.8 Long Blades
 + Level 10.8 Axes
 + Level 9.8 Maces & Flails
 + Level 9.8 Polearms
 + Level 9.8 Staves
 + Level 9.8 Slings
 + Level 9.8 Bows
 + Level 9.8 Crossbows
 + Level 9.8 Throwing
 + Level 11.7 Armour
 + Level 9.8 Dodging
 + Level 9.8 Stealth
 + Level 11.7 Shields
 + Level 9.8 Unarmed Combat
 + Level 9.8 Spellcasting
 + Level 8.2 Conjurations
 + Level 8.2 Hexes
 + Level 8.2 Summonings
 + Level 8.2 Necromancy
 + Level 8.2 Translocations
 + Level 8.2 Transmutations
 + Level 8.2 Fire Magic
 + Level 8.2 Ice Magic
 + Level 8.2 Air Magic
 + Level 8.2 Earth Magic
 + Level 8.2 Poison Magic
 + Level 10.6 Invocations
 + Level 9.8 Evocations


You had 24 spell levels left.
You knew the following spells:

 Your Spells              Type           Power      Damage    Failure   Level
a - Vampiric Draining     Necr           25%        2d7       26%         3
b - Gell's Gravitas       Tloc           25%        N/A       26%         3
c - Confusing Touch       Hex            25%        N/A       26%         3

Your spell library contained the following spells:

 Spells                   Type           Power      Damage    Failure   Level
 Beastly Appendage        Tmut           50%        N/A       9%          1
 Magic Dart               Conj           100%       1d8       9%          1
 Slow                     Hex            100%       N/A       9%          1
 Passwall                 Tmut/Erth      20%        N/A       13%         2
 Teleport Other           Tloc           25%        N/A       26%         3
 Airstrike                Air            12%        N/A       65%         4
 Anguish                  Hex/Necr       12%        N/A       65%         4
 Passage of Golubria      Tloc           25%        N/A       65%         4
 Blade Hands              Tmut           12%        N/A       94%         5
 Iskenderun's Battlesphe  Conj           25%        2d8       94%         5
 Yara's Violent Unravell  Hex/Tmut       12%        3d7       94%         5
 Conjure Ball Lightning   Conj/Air       12%        3x3d6     100%        6
 Dispersal                Tloc           12%        N/A       100%        6
 Dragon Form              Tmut           12%        N/A       100%        7
 Enfeeble                 Hex            12%        N/A       100%        7
 Disjunction              Tloc           12%        N/A       100%        8
 Maxwell's Capacitive Co  Air            12%        ∞         100%        8
 Tukima's Dance           Hex            Unusable   N/A       N/A         3

Dungeon Overview and Level Annotations

Branches:
Dungeon (10/15)            Temple (1/1) D:7            Lair (6/6) D:10
 Shoals (0/4) Lair:3        Snake (0/4) Lair:4        Slime (0/5) Lair:5
    Orc (2/2) D:9             Elf (0/3) Orc:2         Sewer (visited)
Gauntlet (visited)

Altars:
Ashenzari
Cheibriados
Dithmenos
Elyvilon
Gozag
Hepliaklqana
Kikubaaqudgha
Makhleb
Nemelex Xobeh
Okawaru
Ru
Sif Muna
Trog
Uskayaw
Vehumet
Wu Jian
Xom
Zin
The Shining One
Beogh

Shops:
D:6 =*[   Orc:1 *   Orc:2 [*(=

Annotations:
Lair:2 1 runed translucent door, DearestLeader's ghost, journeyman GnFi
Orc:1 1 transporter, 1 runed translucent door
Orc:2 2 transporters, lawnmower's ghost, journeyman DEWz


Innate Abilities, Weirdness & Mutations

You have very sharp teeth.
Your uncanny sense of smell can sniff out nearby items.
Your experience applies equally to all skills.


Message History

You block the troll's attack. x2; The troll closely misses you.
The deep troll bites you! You block the deep troll's attack.
The deep troll claws you but does no damage.
The orc knight hits you with a +3 glaive.
* * * LOW HITPOINT WARNING * * *
The orc knight hits you with a +0 battleaxe.
* * * LOW HITPOINT WARNING * * *
The troll closely misses you. The troll barely misses you. The troll claws you!
* * * LOW HITPOINT WARNING * * *
Unknown command.
The troll bites you.
* * * LOW HITPOINT WARNING * * *
You block the troll's attack. The troll claws you!
* * * LOW HITPOINT WARNING * * *
You block the orc knight's attack. The troll bites you but does no damage.
The troll closely misses you. You block the troll's attack.
The moth of wrath angrily waves its antennae.
The troll closely misses you. x2; The troll claws you.
* * * LOW HITPOINT WARNING * * *
The moth of wrath goads the two-headed ogre on!
The two-headed ogre goes berserk!
You feel much better. The troll bites you but does no damage.
You block the troll's attack. The troll claws you but does no damage.
The deep troll barely misses you. The deep troll claws you.
* * * LOW HITPOINT WARNING * * *
The deep troll claws you.
* * * LOW HITPOINT WARNING * * *
The moth of wrath goads the stone giant on!
The stone giant goes berserk!
The two-headed ogre rages.
The orc knight hits you from afar with a +3 glaive.
* * * LOW HITPOINT WARNING * * *
You fade into invisibility!
You block the troll's attack. The troll closely misses you. x2
The two-headed ogre rages.
You block the deep troll's attack.
The deep troll claws you but does no damage. x2
The orc knight hits you from afar with a +3 glaive!!
You die... ##.##...###..### ###....# #...#. # ###### #..... ###### #..##. ..##.## ####### # #..... ......# #eeeey#○#

#..... #....## #############
#..... ......# #y#.........##
##.... ......#####...oT@....##
#...).
......#y#○#..⌠OT###...######.).).
......#####...oC#y#...#y#....))[.
....#....##...$O####[)###.....[..
...##....##..$!:###...##.........
........©##..[)_+W#!.©##©........
.........##..!)[###...##........[
.........##...$$####''###.......[
......#####....$#y#...#y#.....[[)


You could see a stone giant (berserk), 2 orc knights, a deep elf elementalist
(repels missiles), 2 two-headed ogres, a deep troll, a deep elf demonologist, 4
moths of wrath, a deep elf pyromancer, a deep elf zephyrmancer and a troll
(berserk, extremely poisoned).

Vanquished Creatures
  A stone giant (Orc:1)
  A minotaur (Gauntlet)
  3 ettins
  Snorg (Lair:4)
  8 hydras
  Harold (D:10)
  3 catoblepae (Lair:6)
  3 two-headed ogres
  14 death yaks
  Urug (Lair:4)
  An orc knight (D:9)
  A necromancer (Gauntlet)
  9 cyclopes
  3 manticores
  3 black mambas
  11 cane toads
  A torpor snail (Lair:5)
  5 rime drakes
  10 komodo dragons
  A wind drake (Lair:3)
  A polar bear (Lair:4)
  5 trolls
  A meliai (shapeshifter) (D:10)
  26 blink frogs
  4 shadows (Gauntlet)
  Sigmund (D:2)
  11 wyverns
  57 yaks
  5 basilisks
  A warg (Orc:1)
  2 nagas (Lair:4)
  An acid dragon (D:10)
  13 water moccasins
  A hornet zombie (D:7)
  An ice beast (D:5)
  22 orc warriors
  3 black bears
  A sky beast (D:5)
  11 ogres
  A necrophage (D:8)
  14 wolves
  A centaur (D:8)
  5 kobold brigands
  The ghost of Kaptain the Digger, an amateur GrEE (D:3)
  13 bullfrogs
  5 gnoll sergeants
  A wyvern skeleton (D:7)
  3 killer bees (D:6)
  An electric eel (Lair:1)
  3 wights (D:6)
  3 howler monkeys (D:9)
  A bullfrog zombie (D:5)
  2 jellies
  Crazy Yiuf (D:7)
  5 hounds
  9 orc priests
  Ijyb (D:3)
  17 orc wizards
  2 hell rats
  A howler monkey zombie (D:9)
  14 gnolls
  11 adders
  2 river rats (Sewer)
  2 shadow imps
  A white imp (D:7)
  A dart slug (D:4)
  56 orcs
  9 endoplasms
  6 giant cockroaches
  2 goblins (D:1)
  2 hobgoblins
  13 jackals
  2 quokkas
  5 ball pythons
  3 bats
  2 frilled lizards
  21 kobolds
  8 rats
498 creatures vanquished.

Vanquished Creatures (others)
  24 fungi
  46 plants
70 creatures vanquished.

Grand Total: 568 creatures vanquished

Notes
Turn   | Place    | Note
-------+----------+-------------------------------------------
     0 | D:1      | DearestLeader the Gnoll Fighter began the quest for the
                  | Orb.
     0 | D:1      | Reached XP level 1. HP: 23/23 MP: 1/1
   238 | D:1      | Found a faded altar of an unknown god.
   244 | D:1      | Reached XP level 2. HP: 29/29 MP: 2/2
   915 | D:2      | Reached XP level 3. HP: 35/35 MP: 2/4
   972 | D:2      | Reached skill level 1 in Invocations
  1220 | D:2      | Noticed Sigmund
  1232 | D:2      | Killed Sigmund
  1233 | D:2      | Reached skill level 1 in Short Blades
  1233 | D:2      | Reached skill level 1 in Long Blades
  1233 | D:2      | Reached skill level 1 in Maces & Flails
  1233 | D:2      | Reached skill level 1 in Polearms
  1233 | D:2      | Reached skill level 1 in Staves
  1233 | D:2      | Reached skill level 1 in Slings
  1233 | D:2      | Reached skill level 1 in Bows
  1233 | D:2      | Reached skill level 1 in Crossbows
  1233 | D:2      | Reached skill level 1 in Throwing
  1233 | D:2      | Reached skill level 1 in Dodging
  1233 | D:2      | Reached skill level 1 in Stealth
  1233 | D:2      | Reached skill level 1 in Unarmed Combat
  1233 | D:2      | Reached skill level 1 in Spellcasting
  1233 | D:2      | Reached skill level 1 in Conjurations
  1233 | D:2      | Reached skill level 1 in Hexes
  1233 | D:2      | Reached skill level 1 in Summonings
  1233 | D:2      | Reached skill level 1 in Necromancy
  1233 | D:2      | Reached skill level 1 in Translocations
  1233 | D:2      | Reached skill level 1 in Transmutations
  1233 | D:2      | Reached skill level 1 in Fire Magic
  1233 | D:2      | Reached skill level 1 in Ice Magic
  1233 | D:2      | Reached skill level 1 in Air Magic
  1233 | D:2      | Reached skill level 1 in Earth Magic
  1233 | D:2      | Reached skill level 1 in Poison Magic
  1233 | D:2      | Reached skill level 1 in Evocations
  1233 | D:2      | Reached XP level 4. HP: 35/41 MP: 4/6
  1233 | D:2      | Reached XP level 5. HP: 40/47 MP: 4/7
  1655 | D:3      | Noticed Ijyb
  1669 | D:3      | Killed Ijyb
  1670 | D:3      | Reached XP level 6. HP: 29/47 MP: 8/8
  2173 | D:3      | Found a runed translucent door.
  2174 | D:3      | Noticed Kaptain's ghost (amateur GrEE)
  2247 | D:3      | Killed Kaptain's ghost
  2248 | D:3      | Reached skill level 5 in Axes
  3069 | D:4      | Reached XP level 7. HP: 55/59 MP: 10/10
  3363 | D:5      | Entered Level 5 of the Dungeon
  3363 | D:5      | Found a glowing drain.
  3435 | Sewer    | Entered a sewer
  4051 | D:5      | Found a white marble altar of Elyvilon.
  4364 | D:5      | You fall into a shaft and drop 2 floors!
  4364 | D:7      | Noticed Crazy Yiuf
  4364 | D:7      | Found a runed translucent door.
  4374 | D:7      | Killed Crazy Yiuf
  4375 | D:7      | Reached XP level 8. HP: 27/67 MP: 9/12
  4596 | D:7      | Noticed a cyclops
  4610 | D:7      | Killed a cyclops
  4676 | D:7      | Found a staircase to the Ecumenical Temple.
  4692 | Temple   | Entered the Ecumenical Temple
  4846 | Temple   | Became a worshipper of Warmaster Okawaru
  5184 | D:7      | Noticed a yak
  5184 | D:7      | Noticed a yak
  5196 | D:7      | Killed a yak
  5197 | D:7      | Reached XP level 9. HP: 73/73 MP: 14/14
  5233 | D:7      | Reached * piety under Okawaru
  6082 | D:6      | Found Kifiggo's Assorted Antiques.
  6088 | D:6      | Bought a tubular cabochon ring for 105 gold pieces
  6237 | D:6      | Found Gyfit's Antique Armour Shoppe.
  6306 | D:6      | Found Pietyops's Distillery.
  6314 | D:6      | Found Yjuewum's Jewellery Boutique.
  6821 | D:6      | Reached skill level 5 in Invocations
  7004 | D:6      | Reached ** piety under Okawaru
  7046 | D:6      | Bought a pair of runed gloves for 150 gold pieces
  8411 | D:8      | Reached XP level 10. HP: 42/80 MP: 13/17
  8464 | D:8      | HP: 2/80 [orc priest/divine providence (14)]
  8990 | D:8      | Reached skill level 5 in Short Blades
  8990 | D:8      | Reached skill level 5 in Long Blades
  8990 | D:8      | Reached skill level 5 in Maces & Flails
  8990 | D:8      | Reached skill level 5 in Polearms
  8990 | D:8      | Reached skill level 5 in Staves
  8990 | D:8      | Reached skill level 5 in Slings
  8990 | D:8      | Reached skill level 5 in Bows
  8990 | D:8      | Reached skill level 5 in Crossbows
  8990 | D:8      | Reached skill level 5 in Throwing
  8990 | D:8      | Reached skill level 5 in Dodging
  8990 | D:8      | Reached skill level 5 in Stealth
  8990 | D:8      | Reached skill level 5 in Unarmed Combat
  8990 | D:8      | Reached skill level 5 in Spellcasting
  8990 | D:8      | Reached skill level 5 in Evocations
  9153 | D:8      | Reached *** piety under Okawaru
  9971 | D:9      | Found a staircase to the Orcish Mines.
  9978 | D:9      | Reached **** piety under Okawaru
  9978 | D:9      | Received a gift from Okawaru
 10445 | D:9      | Reached XP level 11. HP: 72/87 MP: 15/19
 10856 | D:9      | Noticed a two-headed ogre
 10867 | D:9      | Killed a two-headed ogre
 10868 | D:9      | Reached skill level 5 in Conjurations
 10868 | D:9      | Reached skill level 5 in Hexes
 10868 | D:9      | Reached skill level 5 in Summonings
 10868 | D:9      | Reached skill level 5 in Necromancy
 10868 | D:9      | Reached skill level 5 in Translocations
 10868 | D:9      | Reached skill level 5 in Transmutations
 10868 | D:9      | Reached skill level 5 in Fire Magic
 10868 | D:9      | Reached skill level 5 in Ice Magic
 10868 | D:9      | Reached skill level 5 in Air Magic
 10868 | D:9      | Reached skill level 5 in Earth Magic
 10868 | D:9      | Reached skill level 5 in Poison Magic
 11312 | D:10     | Entered Level 10 of the Dungeon
 12017 | D:10     | Noticed Harold
 12030 | D:10     | Killed Harold
 12030 | D:10     | Received a gift from Okawaru
 12786 | D:10     | Found a staircase to the Lair.
 13208 | Lair:1   | Entered Level 1 of the Lair of Beasts
 13239 | Lair:1   | Identified the +4 scale mail "Jeil" {rElec rPois Regen+
                  | Slay+2}
 13442 | Lair:1   | Found a gate leading to a gauntlet.
 13480 | Gauntlet | Entered a Gauntlet
 13480 | Gauntlet | Found a transporter.
 13487 | Gauntlet | Found a transporter.
 13489 | Gauntlet | Found a transporter.
 13492 | Gauntlet | Noticed a worldbinder
 13500 | Gauntlet | Found a transporter.
 13503 | Gauntlet | Found a transporter.
 13508 | Gauntlet | Found a runed translucent door.
 13510 | Gauntlet | Found a runed translucent door.
 13513 | Gauntlet | Found a transporter.
 13527 | Gauntlet | Noticed a great orb of eyes
 13529 | Gauntlet | Found a transporter.
 13530 | Gauntlet | Noticed a cyan ugly thing
 13536 | Gauntlet | Noticed a necromancer
 13540 | Gauntlet | Found a transporter.
 13552 | Gauntlet | Found a transporter.
 13553 | Gauntlet | Noticed a hell beast
 13554 | Gauntlet | Noticed a death yak
 13555 | Gauntlet | Noticed a death yak
 13557 | Gauntlet | Found a transporter.
 13557 | Gauntlet | Found a transporter.
 13559 | Gauntlet | Noticed a death yak
 13577 | Gauntlet | Noticed a catoblepas
 13583 | Gauntlet | Found a runed translucent door.
 13585 | Gauntlet | Found a transporter.
 13585 | Gauntlet | Found a transporter.
 13588 | Gauntlet | Found a runed translucent door.
 13638 | Gauntlet | Found a transporter.
 13835 | Gauntlet | Learned a level 3 spell: Vampiric Draining
 13839 | Gauntlet | Learned a level 3 spell: Gell's Gravitas
 13888 | Gauntlet | HP: 2/89 [catoblepas (6)]
 13908 | Gauntlet | Killed a necromancer
 13908 | Gauntlet | Reached ***** piety under Okawaru
 13912 | Gauntlet | Identified the ring of Kaveyd {rPois Str+6}
 13959 | Gauntlet | Killed a death yak
 14085 | Gauntlet | Identified the +0 scale mail of the Forest {rN++}
 14085 | Gauntlet | Noticed a minotaur
 14100 | Gauntlet | Killed a minotaur
 14110 | Gauntlet | Identified the +0 ring mail of the Saviour {rN+ Int+2
                  | Dex+4}
 14111 | Gauntlet | Got the Grimoire of the Birds
 14115 | Gauntlet | Got the Grimoire of Shape Shifting
 14334 | Lair:1   | Noticed an eight-headed hydra
 14343 | Lair:1   | Killed a three-headed hydra
 14344 | Lair:1   | Reached XP level 12. HP: 70/96 MP: 15/22
 14555 | Lair:1   | Learned a level 3 spell: Confusing Touch
 15240 | Lair:2   | Found a runed translucent door.
 15246 | Lair:2   | Noticed DearestLeader's ghost (journeyman GnFi)
 15365 | Lair:2   | Received a gift from Okawaru
 15413 | Lair:2   | Noticed a five-headed hydra
 15422 | Lair:2   | Killed a one-headed hydra
 15557 | Lair:2   | Got the Catalogue of Quantum Confrontation
 16110 | Lair:3   | Reached skill level 10 in Fighting
 16110 | Lair:3   | Reached skill level 10 in Armour
 16110 | Lair:3   | Reached skill level 10 in Shields
 16407 | Lair:3   | Noticed a five-headed hydra
 16418 | Lair:3   | Killed a one-headed hydra
 16495 | Lair:3   | Noticed a six-headed hydra
 16506 | Lair:3   | Killed a one-headed hydra
 16874 | Lair:3   | Reached XP level 13. HP: 103/103 MP: 20/24
 17055 | Lair:3   | Found a staircase to the Shoals.
 17316 | Lair:4   | Received a gift from Okawaru
 17317 | Lair:4   | Reached ****** piety under Okawaru
 17490 | Lair:4   | Found a staircase to the Snake Pit.
 17569 | Lair:4   | Noticed Snorg
 17580 | Lair:4   | Killed Snorg
 17580 | Lair:4   | Received a gift from Okawaru
 17892 | Lair:4   | Received a gift from Okawaru
 18017 | Lair:4   | Noticed Urug
 18030 | Lair:4   | Killed Urug
 18030 | Lair:4   | Received a gift from Okawaru
 19028 | Lair:5   | Identified the +1 ring mail "Viff" {rPois Int-4 SInv}
                  | (Okawaru gifted it to you on level 5 of the Lair of Beasts)
 19028 | Lair:5   | Received a gift from Okawaru
 19250 | Lair:5   | Found a staircase to the Slime Pits.
 20071 | Lair:5   | Identified the +6 falchion "Tienn" {venom, Int+4}
 20519 | Lair:6   | Entered Level 6 of the Lair of Beasts
 20539 | Lair:6   | Reached skill level 10 in Axes
 20543 | Lair:5   | Reached XP level 14. HP: 93/113 MP: 16/26
 21197 | Lair:6   | Received a gift from Okawaru
 21499 | Lair:6   | Received a gift from Okawaru
 21500 | Lair:6   | Reached skill level 10 in Invocations
 21668 | Lair:6   | Identified the +0 pair of gloves of Okawaru's Esteem {Will+
                  | Dex+3} (Okawaru gifted it to you on level 6 of the Lair of
                  | Beasts)
 21668 | Lair:6   | Received a gift from Okawaru
 22072 | Lair:6   | Identified the ring of the Peasants {rC+ Str+3 Dex+4}
 22581 | Orc:1    | Entered Level 1 of the Orcish Mines
 22893 | Orc:1    | Noticed a stone giant
 23048 | Orc:2    | Entered Level 2 of the Orcish Mines
 23056 | Orc:2    | Found a staircase to the Elven Halls.
 23059 | Orc:2    | Found Ocvu's General Store.
 23059 | Orc:2    | Noticed a stone giant
 23102 | Orc:1    | Killed a stone giant
 23230 | Orc:1    | Found Jiadit's Mayhem Merchandise.
 23360 | Orc:1    | Found a transporter.
 23724 | Orc:1    | Found a transporter.
 24323 | Orc:2    | Reached XP level 15. HP: 94/120 MP: 23/28
 24384 | Orc:2    | Found Daucuarch's Jewellery Boutique.
 24488 | Orc:2    | Found Mieli's Antique Weapon Boutique.
 24510 | Orc:2    | Found Napnum Affu's Antique Armour Shoppe.
 24818 | Orc:2    | Noticed lawnmower's ghost (journeyman DEWz)
 24819 | Orc:2    | Found a transporter.
 24835 | Orc:2    | Found a transporter.
 25044 | Orc:2    | Bought an encrusted plate armour for 784 gold pieces
 25044 | Orc:2    | Identified the +1 plate armour of Altruism {+Inv} (You
                  | bought it in a shop on level 2 of the Orcish Mines)
 25044 | Orc:2    | Bought a scorched plate armour for 784 gold pieces
 25044 | Orc:2    | Identified the +5 plate armour of Midwinter {rN+ Slay+4
                  | SInv} (You bought it in a shop on level 2 of the Orcish
                  | Mines)
 25103 | Orc:1    | Found a runed translucent door.
 25103 | Orc:1    | Found a bloodstained altar of Trog.
 25103 | Orc:1    | Found the necklace of Bloodlust {*Rage Will++ Int-3 Slay+6}
 25121 | Orc:1    | Noticed a deep elf elementalist
 25132 | Orc:1    | Noticed a deep elf elementalist
 25136 | Orc:1    | HP: 2/120 [troll (17)]
 25140 | Orc:1    | Mangled by an orc knight

Illustrated notes

Levels and vault maps discovered:
D:1:      dpeg_arrival_stone_temple_mockup, layout_rooms,
          dreamdust_ecumenical_altar_grove
D:2:      layout_loops_ring, grunt_decor_clamped, uniq_sigmund
D:3:      layout_rooms, ebering_ghost_reflecting_pool,
          nicolae_concentric_dashed_squares_wild, uniq_ijyb
D:4:      layout_basic
D:5:      layout_loops_ring, elyvilon_altar_4, gup_sewer_entry_glass,
          nicolae_figureground_sparkle
D:6:      layout_basic, serial_shops, nicolae_shop_advertising_works
          [nicolae_subvault_shop_adworks], nicolae_shop_waterfront, shop,
          kennysheep_little_box
D:7:      layout_loops_ring, minmay_temple_entry_trees, minivault_19,
          uniq_crazy_yiuf_cottage
D:8:      layout_loops_ring
D:9:      layout_long_grid, kennysheep_orc_monster_closet_entryway
D:10:     layout_basic, erik_lair_dragon, uniq_harold
Temple:   grunt_wide_crystal_templ
Lair:1:   layout_gridlike, gauntlet_entry_generic, infiniplex_staircase_pool,
          grunt_megastairs_4
Lair:2:   layout_cave_pods, ebering_ghost_reflecting_pool, columned_hall_lemuel,
          st_stairs_9, chequers_serial_rivers_micro_c, lemuel_fruit_fields
Lair:3:   layout_chaotic_city, minmay_shoals_entry_beasts
Lair:4:   layout_cave_pods, guppyfry_snake_entry_island, uniq_urug, uniq_snorg
Lair:5:   nzn_winding_woodlands_small [nzn_winding_woodlands_5x15_parted,
          nzn_winding_woodlands_center_garden,
          nzn_winding_woodlands_5x15_split_checker], layout_layer_cave,
          slime_dummy, infiniplex_staircase_pool_2
Lair:6:   evilmike_catoblepas_cave, layout_small_grid
Orc:1:    emtedronai_trogs_sanctum, layout_caves, minmay_shop_mayhem
Orc:2:    grunt_orc_gardens, layout_caves, grunt_orc_garden, grunt_orc_garden,
          grunt_orc_garden, grunt_orc_garden, gammafunk_ghost_arena, basic_altar

Skill      XL: |  1  2  3  4  5  6  7  8  9 10 11 12 13 14 |
---------------+-------------------------------------------+-----
Invocations    | 1 2 3 4 5 6 7 8 9 10 | 10.6
Short Blades   | 1 2 3 4 5 6 7 8 9 |  9.8
Long Blades    | 1 2 3 4 5 6 7 8 9 |  9.8
Maces & Flails | 1 2 3 4 5 6 7 8 9 |  9.8
Polearms       | 1 2 3 4 5 6 7 8 9 |  9.8
Staves         | 1 2 3 4 5 6 7 8 9 |  9.8
Slings         | 1 2 3 4 5 6 7 8 9 |  9.8
Bows           | 1 2 3 4 5 6 7 8 9 |  9.8
Crossbows      | 1 2 3 4 5 6 7 8 9 |  9.8
Throwing       | 1 2 3 4 5 6 7 8 9 |  9.8
Dodging        | 1 2 3 4 5 6 7 8 9 |  9.8
Stealth        | 1 2 3 4 5 6 7 8 9 |  9.8
Unarmed Combat | 1 2 3 4 5 6 7 8 9 |  9.8
Spellcasting   | 1 2 3 4 5 6 7 8 9 |  9.8
Conjurations   | 1 2 3 4 5 6 7 8 |  8.2
Hexes          | 1 2 3 4 5 6 7 8 |  8.2
Summonings     | 1 2 3 4 5 6 7 8 |  8.2
Necromancy     | 1 2 3 4 5 6 7 8 |  8.2
Translocations | 1 2 3 4 5 6 7 8 |  8.2
Transmutations | 1 2 3 4 5 6 7 8 |  8.2
Fire Magic     | 1 2 3 4 5 6 7 8 |  8.2
Ice Magic      | 1 2 3 4 5 6 7 8 |  8.2
Air Magic      | 1 2 3 4 5 6 7 8 |  8.2
Earth Magic    | 1 2 3 4 5 6 7 8 |  8.2
Poison Magic   | 1 2 3 4 5 6 7 8 |  8.2
Evocations     | 1 2 3 4 5 6 7 8 9 |  9.8
Axes           | 5 6 7 8 9 10 | 10.8
Fighting       | 7 8 9 10 11 | 11.7
Armour         | 7 8 9 10 11 | 11.7
Shields        | 7 8 9 10 11 | 11.7

Action                   |  1- 3 |  4- 6 |  7- 9 | 10-12 | 13-15 || total
-------------------------+-------+-------+-------+-------+-------++-------
Melee: War axe           |    89 |   112 |   240 |       |       ||   441
       Bite              |     8 |    14 |    36 |    69 |   124 ||   251
       Mace              |       |       |    65 |   156 |       ||   221
       Hand axe          |       |       |       |   331 |   251 ||   582
       Falchion          |       |       |       |       |   499 ||   499
Throw: Dart              |       |       |       |     1 |     1 ||     2
       Javelin           |       |       |       |       |    34 ||    34
 Cast: Vampiric Draining |       |       |       |     4 |       ||     4
Invok: Heroism           |       |       |       |     4 |     1 ||     5
       Finesse           |       |       |       |     1 |     1 ||     2
Evoke: Wand              |       |       |     5 |     3 |       ||     8
  Use: Potion            |     1 |       |     4 |     6 |     3 ||    14
       Scroll            |       |     7 |     7 |    10 |     6 ||    30
 Stab: Sleeping          |       |       |       |       |     5 ||     5
       Petrified         |       |       |       |       |     4 ||     4
Armor: Scale mail        |    51 |    55 |   119 |   176 |   278 ||   679
       Plate armour      |       |       |       |       |    19 ||    19
Dodge: Dodged            |    34 |    54 |   159 |   220 |   360 ||   827
Block: Buckler           |    15 |    24 |    79 |   115 |    98 ||   331
       Kite shield       |       |       |       |       |   273 ||   273
